 Dungeon Crawl Stone Soup version 0.25.1-2-g60ff931df9 (webtiles) character file.

Game seed: 17319704265851555193

330 Allula97 the Ducker (level 6, 0/28 HPs)
             Began as a Felid Transmuter on Nov 6, 2020.
             Succumbed to an adder's poison
             ... on level 4 of the Dungeon.
             The game lasted 00:25:01 (3663 turns).

Allula97 the Ducker (Felid Transmuter)              Turns: 3663, Time: 00:25:01

Health: 0/28       AC:  2    Str:  7    XL:     6   Next: 26%
Magic:  11/11      EV: 20    Int: 15    God:
Gold:   136        SH:  0    Dex: 17    Spells: 7/10 levels left
                                        Lives:  0   Deaths: 1

rFire    . . .     SeeInvis +     - Unarmed
rCold    . . .     Gourm    .   (shield unavailable)
rNeg     . . .     Faith    .   (armour unavailable)
rPois    .         Spirit   .   (helmet unavailable)
rElec    .         Reflect  .   (cloak unavailable)
rCorr    .         Harm     .   (gloves unavailable)
MR       .....                  (boots unavailable)
Stlth    +++.......             n - amulet of magic regeneration
HPRegen  0.09/turn              (no ring)
MPRegen  0.37/turn              (no ring)

@: lethally poisoned (0 -> -1), quick
A: very small, no armour, no weapons or thrown items, stealth, claws 1, fangs 3,
see invisible, carnivore, speed 1, shaggy fur 2, slow metabolism 1, sharp paws
a: no special abilities


You were on level 4 of the Dungeon.
You were very full.

You visited 1 branch of the dungeon, and saw 4 of its levels.

You collected 136 gold pieces.

Inventory:

Missiles
 a - 44 arrows
Armour
 m - a scarf of harm
Jewellery
 g - the ring of Inusmelu {*Contam rPois rN+ Str+6 Int+2, unknown}
   (You found it on level 4 of the Dungeon)

   [ring of strength]

   It affects your strength (+6).
   It affects your intelligence (+2).
   It protects you from poison.
   It protects you from negative energy.
   It causes magical contamination when unequipped.
 n - an amulet of magic regeneration (around neck)
Wands
 i - a wand of flame (16)
Scrolls
 d - 6 scrolls of remove curse
 e - 2 scrolls of noise {unknown}
 f - 3 scrolls of teleportation
 j - a scroll of enchant armour
 l - 2 scrolls of identify
 q - a scroll of random uselessness {unknown}
Potions
 b - 2 potions of flight
 h - a potion of lignification
 k - a potion of brilliance
Comestibles
 c - 3 rations
 o - 2 chunks of flesh


   Skills:
 * Level 3.1 Fighting
 * Level 4.7 Dodging
 * Level 3.9 Stealth
 * Level 4.2 Unarmed Combat
 + Level 2.7 Spellcasting
 + Level 3.2 Transmutations


You had 7 spell levels left.
You knew the following spells:

 Your Spells              Type           Power        Failure   Level  Hunger
a - Beastly Appendage     Tmut           ##....       5%          1    #......
b - Sticks to Snakes      Tmut           ##......     9%          2    ##.....

Your spell library contained the following spells:

 Spells                   Type           Power        Failure   Level  Hunger
 Spider Form              Tmut/Pois      #.........   32%         3    ###....
 Ice Form                 Ice/Tmut       #.......     71%         4    #####..
 Blade Hands              Tmut           ##........   83%         5    ######.


Dungeon Overview and Level Annotations

Branches:
Dungeon (4/15)
 Temple: D:4-7

Altars:
Elyvilon
Makhleb
Ru


Innate Abilities, Weirdness & Mutations

You cannot wear armour.
You are incapable of wielding weapons or throwing items.
Your paws allow you to move quietly. (Stealth)
You have sharp claws.
You have razor-sharp teeth.
You have supernaturally acute eyesight. (SInv)
You are carnivorous and can eat meat at any time.
You cover ground quickly.
You are covered in thick fur. (AC +2)
You have a slow metabolism.
Your sharp claws are effective at attacking unaware monsters.


Message History

The adder is lightly wounded.
The adder bites you.
* * * LOW HITPOINT WARNING * * *
You are lethally poisoned!
The adder poisons you! The adder completely misses you.
* * * LOW HITPOINT WARNING * * *
You feel sick.
Okay, then.
As you read the scroll labeled SOYTI DOUFFUQ, it crumbles to dust.
It is a scroll of enchant armour.
You aren't carrying any armour which can be enchanted further.
The adder barely misses you.
You hear the rusting of a drain nearby.
* * * LOW HITPOINT WARNING * * *
You feel sick.
Found a scroll labeled NODGHI CIAGYZUU.
Some of the chunks of flesh in your inventory have rotted away.
* * * LOW HITPOINT WARNING * * *
You feel sick.
You die...

. .. .# .# .
######.####..
+@.S.........
####........?
#......##.+
#......#..#
#........#
######
#..l..#..#
......
#.....#..#
#....#
###.....# .##
#....#
#...(...##..#


You could see an adder.

Vanquished Creatures
  A water moccasin skeleton (D:4)
  A hound (D:2)
  Terence (D:3)
  Jessica (D:3)
  3 worker ants (D:4)
  3 gnolls (D:3)
  11 adders
  A dart slug (D:1)
  3 leopard geckos
  6 orcs
  A giant cockroach (D:1)
  6 goblins
  4 hobgoblins
  A jackal (D:4)
  8 kobolds
  2 quokkas
  A ball python (D:4)
  8 bats
  3 frilled lizards
  4 rats
69 creatures vanquished.

Vanquished Creatures (collateral kills)
  4 gnolls
  A hobgoblin (D:3)
5 creatures vanquished.

Grand Total: 74 creatures vanquished

Notes
Turn   | Place    | Note
-------+----------+-------------------------------------------
     0 | D:1      | Allula97 the Felid Transmuter began the quest for the Orb.
     0 | D:1      | Reached XP level 1. HP: 9/9 MP: 4/4
   210 | D:1      | Reached XP level 2. HP: 8/12 MP: 6/6
   261 | D:1      | Reached skill level 1 in Stealth
   693 | D:1      | Learned a level 2 spell: Sticks to Snakes
  1401 | D:2      | Reached XP level 3. HP: 11/15 MP: 3/7
  1441 | D:2      | Found a burning altar of Makhleb.
  1712 | D:2      | Reached XP level 4. HP: 19/19 MP: 6/8
  2315 | D:3      | Reached XP level 5. HP: 12/22 MP: 4/9
  2626 | D:3      | Slain by a gnoll
  2627 | D:3      | Reached XP level 4. HP: 0/20 MP: 8/8
  2705 | D:3      | Noticed Jessica
  2718 | D:3      | Killed Jessica
  3193 | D:3      | Noticed Terence
  3195 | D:3      | Killed Terence
  3195 | D:3      | Reached XP level 5. HP: 21/23 MP: 9/9
  3248 | D:3      | Found a white marble altar of Elyvilon.
  3248 | D:3      | Found a sacrificial altar of Ru.
  3440 | D:4      | Gained mutation: You are covered in thick fur. (AC +2)
                  | [Felid growth]
  3440 | D:4      | Reached XP level 6. HP: 19/27 MP: 11/11
  3560 | D:4      | Got a pitted lapis lazuli ring
  3658 | D:4      | HP: 1/28 [poisoned by an adder]
  3663 | D:4      | Succumbed to an adder's poison

Illustrated notes

Levels and vault maps discovered:
D:1:      wander_arrival_desolate, layout_basic
D:2:      layout_loops_corners, makhleb_blood_cavern_becter
D:3:      layout_rooms, gammafunk_temple_overflow_pools,
          kennysheep_generic_room_4, uniq_jessica, uniq_terence
D:4:      minmay_recursive_quarters, layout_basic,
          nicolae_overflow_hidden_temple, gup_sewer_entry_bowl,
          palyth_stone_intersect

Skill      XL: |  1  2  3  4  5  6 |
---------------+-------------------+-----
Stealth        | 1 2 3 |  3.9
Dodging        | 3 4 |  4.7
Fighting       | 2 3 |  3.1
Unarmed Combat | 4 |  4.2
Transmutations | 3 |  3.2
Spellcasting   | |  2.7

Action                   |  1- 3 |  4- 6 || total
-------------------------+-------+-------++-------
Melee: Unarmed           |   102 |   149 ||   251
       Bite              |     6 |    12 ||    18
       Headbutt          |     8 |    13 ||    21
       Punch             |       |     3 ||     3
 Cast: Beastly Appendage |    10 |    18 ||    28
       Sticks to Snakes  |     1 |    16 ||    17
  Use: Scroll            |     3 |     4 ||     7
       Potion            |       |     4 ||     4
 Stab: Sleeping          |     4 |     7 ||    11
       Distracted        |       |     1 ||     1
  Eat: Chunk             |     9 |    10 ||    19
Armor: Skin              |     8 |     8 ||    16
Dodge: Dodged            |    86 |   132 ||   218
